NCAA
PROVIDENCE FRIARS @ ILLINOIS FIGHTING ILLINI
05/17/2026
 
TOP OF THE 1ST
Providence Friars batting - Pitching for Illinois Fighting Illini : LHP Alonso Medina
Pitching: LHP Alonso Medina
Batting: SHB Joey Boyd 0-0: Ball
1-0: Ball
2-0: Called Strike
2-1: Ball
3-1: SOLO HOME RUN (Flyball, 7D), Distance : 346 ft
Batting: RHB Eugene Ackerman 0-0: Called Strike
0-1: Ball
1-1: Ball
2-1: Fly out, F7 (Line Drive, 7M)
Batting: RHB Rodrigo Carballeira 0-0: Called Strike
0-1: Foul Ball, location: 2F
0-2: Strikes out looking
Batting: RHB Jorge Carrillo 0-0: Foul Ball, location: 2F
0-1: Swinging Strike
0-2: Ball
1-2: Strikes out looking
Top of the 1st over - 1 run(s), 1 hit(s), 0 error(s), 0 left on base; Providence 1 - Illinois 0
BOTTOM OF THE 1ST
Illinois Fighting Illini batting - Pitching for Providence Friars : RHP Bill Harper
Pitching: RHP Bill Harper
Batting: SHB Dale Winters 0-0: Called Strike
0-1: Ball
1-1: Foul Ball, location: 2F
1-2: Ball
2-2: Strikes out looking
Batting: RHB Allen Brown 0-0: Ball
1-0: Ground out 6-3 (Groundball, 6S)
Batting: SHB Frank Grant 0-0: Ball
1-0: Called Strike
1-1: SOLO HOME RUN (Flyball, 9D), Distance : 366 ft
Batting: LHB Joe Alexander 0-0: Called Strike
0-1: Ground out U3 (Groundball, 3)
Bottom of the 1st over - 1 run(s), 1 hit(s), 0 error(s), 0 left on base; Providence 1 - Illinois 1
TOP OF THE 2ND
Providence Friars batting - Pitching for Illinois Fighting Illini : LHP Alonso Medina
Batting: RHB Victor Wilson 0-0: Foul Ball, location: 2F
0-1: Called Strike
0-2: Strikes out swinging
Batting: RHB Kyle Baylor 0-0: Swinging Strike
0-1: Foul Ball, location: 2F
0-2: Ball
1-2: Foul Ball, location: 2F
1-2: Ball
2-2: Ball
3-2: Strikes out swinging
Batting: RHB Dan Rivera 0-0: Called Strike
0-1: Ball
1-1: Called Strike
1-2: Strikes out swinging
Top of the 2nd over - 0 run(s), 0 hit(s), 0 error(s), 0 left on base; Providence 1 - Illinois 1
BOTTOM OF THE 2ND
Illinois Fighting Illini batting - Pitching for Providence Friars : RHP Bill Harper
Batting: RHB Jon Foster 0-0: Called Strike
0-1: Ball
1-1: Swinging Strike
1-2: Foul Ball, location: 2F
1-2: Ball
2-2: Foul Ball, location: 2F
2-2: Ball
3-2: Foul Ball, location: 2F
3-2: Ground out 5-3 (Groundball, 56)
Batting: LHB John Miller 0-0: Called Strike
0-1: Swinging Strike
0-2: Foul Ball, location: 2F
0-2: Ball
1-2: Ball
2-2: Strikes out swinging
Batting: SHB Arturo García 0-0: Called Strike
0-1: SOLO HOME RUN (Flyball, 89XD), Distance : 371 ft
Batting: SHB Shannon Cline 0-0: Called Strike
0-1: Swinging Strike
0-2: Foul Ball, location: 2F
0-2: Foul Ball, location: 2F
0-2: Ball
1-2: Fly out, F8 (Flyball, 8LD)
Bottom of the 2nd over - 1 run(s), 1 hit(s), 0 error(s), 0 left on base; Providence 1 - Illinois 2
TOP OF THE 3RD
Providence Friars batting - Pitching for Illinois Fighting Illini : LHP Alonso Medina
Batting: LHB Jorge Hernández 0-0: Ball
1-0: Swinging Strike
1-1: Ball
2-1: Called Strike
2-2: TRIPLE (Line Drive, 9LM)
Batting: LHB Arnold Stewart 0-0: Called Strike
0-1: Ball
1-1: Ball
2-1: Foul Ball, location: 2F
2-2: Strikes out swinging
Batting: SHB Joey Boyd 0-0: Called Strike
0-1: Foul Ball, location: 2F
0-2: Ball
1-2: Ball
2-2: Ball
3-2: Base on Balls
Batting: RHB Eugene Ackerman 0-0: Ball
1-0: Foul Ball, location: 2F
1-1: Fly out, F9 (Flyball, 89M)
Runner from 3rd tags up, SCORES, no throw
Batting: RHB Rodrigo Carballeira 0-0: Ball
1-0: Called Strike
1-1: Foul Ball, location: 2F
1-2: Strikes out looking
Top of the 3rd over - 1 run(s), 1 hit(s), 0 error(s), 1 left on base; Providence 2 - Illinois 2
BOTTOM OF THE 3RD
Illinois Fighting Illini batting - Pitching for Providence Friars : RHP Bill Harper
Batting: RHB Alfonso Reyes 0-0: SINGLE (Groundball, 56D)
Batting: SHB Dale Winters 0-0: Grounds into double play, 4-6-3 (Groundball, 4)
Batting: RHB Allen Brown 0-0: Ball
1-0: Ball
2-0: Ball
3-0: Base on Balls
Batting: SHB Frank Grant 0-0: Foul Ball, location: 2F
0-1: Swinging Strike
0-2: Strikes out swinging
Bottom of the 3rd over - 0 run(s), 1 hit(s), 0 error(s), 1 left on base; Providence 2 - Illinois 2
TOP OF THE 4TH
Providence Friars batting - Pitching for Illinois Fighting Illini : LHP Alonso Medina
Batting: RHB Jorge Carrillo 0-0: Fly out, F3 (Popup, 3L)
Batting: RHB Victor Wilson 0-0: Called Strike
0-1: Ball
1-1: Ball
2-1: Ball
3-1: Base on Balls
Batting: RHB Kyle Baylor 0-0: Ball
1-0: Foul Ball, location: 2F
1-1: Called Strike
1-2: Fly out, F8 (Flyball, 8RM)
Batting: RHB Dan Rivera 0-0: Ball
1-0: Foul Ball, location: 2F
1-1: Ball
2-1: Foul Ball, location: 2F
2-2: Foul Ball, location: 2F
2-2: Ball
3-2: Strikes out swinging
Top of the 4th over - 0 run(s), 0 hit(s), 0 error(s), 1 left on base; Providence 2 - Illinois 2
BOTTOM OF THE 4TH
Illinois Fighting Illini batting - Pitching for Providence Friars : RHP Bill Harper
Batting: LHB Joe Alexander 0-0: Called Strike
0-1: Ground out 6-3 (Groundball, 6M)
Batting: RHB Jon Foster 0-0: Ball
1-0: Ball
2-0: TRIPLE (Line Drive, 8LM)
Batting: LHB John Miller 0-0: Called Strike
0-1: Fly out, F5 (Popup, 5F)
Batting: SHB Arturo García 0-0: Ball
1-0: Ball
2-0: Called Strike
2-1: Ball
3-1: Base on Balls
Batting: SHB Shannon Cline 0-0: Called Strike
0-1: 3-RUN HOME RUN (Flyball, 9D), Distance : 355 ft
Batting: RHB Alfonso Reyes 0-0: Ball
1-0: Ball
2-0: Called Strike
2-1: Foul Ball, location: 2F
2-2: Strikes out swinging
Bottom of the 4th over - 3 run(s), 2 hit(s), 0 error(s), 0 left on base; Providence 2 - Illinois 5
TOP OF THE 5TH
Providence Friars batting - Pitching for Illinois Fighting Illini : LHP Alonso Medina
Batting: LHB Jorge Hernández 0-0: Fly out, F8 (Flyball, 8LM)
Batting: LHB Arnold Stewart 0-0: Called Strike
0-1: Fly out, F7 (Flyball, 8LM)
Batting: SHB Joey Boyd 0-0: Foul Ball, location: 2F
0-1: Called Strike
0-2: Strikes out looking
Top of the 5th over - 0 run(s), 0 hit(s), 0 error(s), 0 left on base; Providence 2 - Illinois 5
BOTTOM OF THE 5TH
Illinois Fighting Illini batting - Pitching for Providence Friars : RHP Bill Harper
Batting: SHB Dale Winters 0-0: Called Strike
0-1: Ball
1-1: Ball
2-1: Swinging Strike
2-2: Strikes out swinging
Batting: RHB Allen Brown 0-0: Ball
1-0: Called Strike
1-1: DOUBLE (Flyball, 7LM)
Batting: SHB Frank Grant 0-0: Ball
1-0: Ball
2-0: Called Strike
2-1: Foul Ball, location: 2F
2-2: Foul Ball, location: 2F
2-2: Ball
3-2: Base on Balls
Batting: LHB Joe Alexander 0-0: Ball
1-0: Foul Ball, location: 2F
1-1: Ball
2-1: Ball
3-1: Base on Balls
Allen Brown to third
Frank Grant to second
Pitching: RHP Ashton Martínez
Batting: RHB Jon Foster 0-0: Foul Ball, location: 2F
0-1: Fly out, F8 (Flyball, 8RS)
Batting: LHB John Miller 0-0: Ball
1-0: Called Strike
1-1: Foul Ball, location: 2F
1-2: Strikes out swinging
Bottom of the 5th over - 0 run(s), 1 hit(s), 0 error(s), 3 left on base; Providence 2 - Illinois 5
TOP OF THE 6TH
Providence Friars batting - Pitching for Illinois Fighting Illini : LHP Alonso Medina
Batting: RHB Eugene Ackerman 0-0: SOLO HOME RUN (Flyball, 8RXD), Distance : 411 ft
Batting: RHB Rodrigo Carballeira 0-0: Ball
1-0: Called Strike
1-1: Fly out, F8 (Flyball, 8LM)
Pitching: RHP Miguel Sotelo
Batting: RHB Jorge Carrillo 0-0: Ball
1-0: Ball
2-0: Ball
3-0: Base on Balls
Batting: RHB Victor Wilson 0-0: Called Strike
0-1: Ball
1-1: Ball
2-1: Foul Ball, location: 2F
2-2: Ball
3-2: Base on Balls
Jorge Carrillo to second
Batting: RHB Kyle Baylor 0-0: Ball
1-0: Called Strike
1-1: Swinging Strike
1-2: SINGLE (Line Drive, 7LS)
Jorge Carrillo to third
Victor Wilson to second
Batting: RHB Dan Rivera 0-0: Ball
1-0: Ball
2-0: Foul Ball, location: 2F
2-1: Called Strike
2-2: Ball
3-2: Strikes out swinging
Batting: LHB Jorge Hernández 0-0: Ball
1-0: Swinging Strike
1-1: Ball
2-1: Ground out 1-3 (Groundball, 23)
Top of the 6th over - 1 run(s), 2 hit(s), 0 error(s), 3 left on base; Providence 3 - Illinois 5
BOTTOM OF THE 6TH
Illinois Fighting Illini batting - Pitching for Providence Friars : RHP Ashton Martínez
Batting: SHB Arturo García 0-0: Ball
1-0: Ball
2-0: Foul Ball, location: 2F
2-1: SINGLE (Groundball, 6MD)
Batting: SHB Shannon Cline 0-0: Ball
1-0: Ball
Passed Ball!
Arturo García to second
2-0: Foul Ball, location: 2F
2-1: Called Strike
2-2: Foul Ball, location: 2F
2-2: SINGLE (Line Drive, 78S)
Arturo García to third
Runner from 3rd tries for Home, SAFE, no throw or cutoff
Batting: RHB Alfonso Reyes 0-0: Ball
1-0: Foul Ball, location: 2F
1-1: Fly out, F9 (Flyball, 89M)
Batting: SHB Dale Winters 0-0: Fly out, F5 (Popup, 5L)
Batting: RHB Allen Brown 0-0: Ground out 4-3 (Groundball, 4)
Bottom of the 6th over - 1 run(s), 2 hit(s), 0 error(s), 1 left on base; Providence 3 - Illinois 6
TOP OF THE 7TH
Providence Friars batting - Pitching for Illinois Fighting Illini : RHP Miguel Sotelo
Batting: LHB Arnold Stewart 0-0: Ball
1-0: Ball
2-0: Ball
3-0: Base on Balls
Batting: SHB Joey Boyd 0-0: Called Strike
0-1: SINGLE (Flyball, 6MD)
Arnold Stewart to second
Batting: RHB Eugene Ackerman 0-0: Swinging Strike
0-1: Ball
1-1: Called Strike
1-2: Foul Ball, location: 2F
1-2: Grounds into double play, 5-4-3 (Groundball, 5)
Arnold Stewart to third
Batting: RHB Rodrigo Carballeira 0-0: Foul Ball, location: 2F
0-1: Ball
1-1: Foul Ball, location: 2F
1-2: Strikes out swinging
Top of the 7th over - 0 run(s), 1 hit(s), 0 error(s), 1 left on base; Providence 3 - Illinois 6
BOTTOM OF THE 7TH
Illinois Fighting Illini batting - Pitching for Providence Friars : RHP Ashton Martínez
Batting: SHB Frank Grant 0-0: Ball
1-0: Ball
2-0: Fly out, F9 (Flyball, 89M)
Pitching: RHP Steve Patterson
Batting: LHB Joe Alexander 0-0: Ball
1-0: Called Strike
1-1: Ball
2-1: Foul Ball, location: 2F
2-2: Foul Ball, location: 2F
2-2: SINGLE (Line Drive, 8LS)
Batting: RHB Jon Foster 0-0: Ball
1-0: Ball
2-0: Foul Ball, location: 2F
2-1: Called Strike
2-2: Strikes out swinging
Batting: LHB John Miller 0-0: Called Strike
Joe Alexander is caught stealing 2nd base
Bottom of the 7th over - 0 run(s), 1 hit(s), 0 error(s), 0 left on base; Providence 3 - Illinois 6
TOP OF THE 8TH
Providence Friars batting - Pitching for Illinois Fighting Illini : RHP Miguel Sotelo
Batting: RHB Jorge Carrillo 0-0: Ball
1-0: Ball
2-0: SINGLE (Line Drive, 4D)
Pitching: RHP Terence Wilson
Batting: RHB Victor Wilson 0-0: Ball
1-0: Foul Ball, location: 2F
1-1: Called Strike
1-2: Ball
2-2: Strikes out swinging
Batting: RHB Kyle Baylor 0-0: Ball
1-0: Ball
2-0: Ball
3-0: Called Strike
3-1: TRIPLE (Line Drive, 8LS)
Jorge Carrillo scores
Batting: RHB Dan Rivera 0-0: Ball
1-0: Ball
2-0: Called Strike
2-1: Swinging Strike
2-2: Strikes out swinging
Batting: LHB Jorge Hernández 0-0: Hit by Pitch
Pinch Hitting: RHB Albert Cordero 0-0: Swinging Strike
0-1: Ball
1-1: Ball
2-1: Ball
3-1: Fly out, F8 (Flyball, 8RM)
Top of the 8th over - 1 run(s), 2 hit(s), 0 error(s), 2 left on base; Providence 4 - Illinois 6
BOTTOM OF THE 8TH
Illinois Fighting Illini batting - Pitching for Providence Friars : RHP Steve Patterson
Now in LF: Larry Davis
Batting: LHB John Miller 0-0: Ball
1-0: Foul Ball, location: 2F
1-1: Foul Ball, location: 2F
1-2: Foul Ball, location: 2F
1-2: Strikes out looking
Batting: SHB Arturo García 0-0: Called Strike
0-1: DOUBLE (Flyball, 78S)
Batting: SHB Shannon Cline 0-0: Called Strike
0-1: Called Strike
0-2: Foul Ball, location: 2F
0-2: Strikes out looking
Batting: RHB Alfonso Reyes 0-0: Ball
1-0: Ball
2-0: Ball
3-0: Base on Balls
Pitching: RHP Lance Edgar
Batting: SHB Dale Winters 0-0: Ball
1-0: Called Strike
1-1: Foul Ball, location: 2F
1-2: Strikes out swinging
Bottom of the 8th over - 0 run(s), 1 hit(s), 0 error(s), 2 left on base; Providence 4 - Illinois 6
TOP OF THE 9TH
Providence Friars batting - Pitching for Illinois Fighting Illini : RHP Terence Wilson
Pitching: RHP Joe Smith
Batting: SHB Joey Boyd 0-0: Fly out, F5 (Line Drive, 56)
Batting: RHB Eugene Ackerman 0-0: Ball
1-0: Ball
2-0: Called Strike
2-1: Swinging Strike
2-2: Ball
3-2: Fly out, F7 (Flyball, 78S)
Batting: RHB Rodrigo Carballeira 0-0: Foul Ball, location: 2F
0-1: Ball
1-1: Called Strike
1-2: Strikes out swinging, 2-3 out at first.
Top of the 9th over - 0 run(s), 0 hit(s), 0 error(s), 0 left on base; Providence 4 - Illinois 6
Monday, December 5th, 2016 - OOTP Baseball 17.12 Build 75